 Dungeon Crawl Stone Soup version 0.31-a0-925-g0a390f2509 (webtiles) character file.

Game seed: 18193773736215941629

9941 Persephone the Grappler (level 11, 0/163 HPs)
             Began as a Troll Shapeshifter on Oct 18, 2023.
             Was a Priest of Trog.
             Slain by a killer bee (1 damage)
             ... while paralysed by a hornet
             ... on level 10 of the Dungeon on Oct 19, 2023.
             The game lasted 00:14:12 (7997 turns).

Persephone the Grappler (Troll Shapeshifter)        Turns: 7997, Time: 00:14:12

Health: 0/163      AC:  5    Str: 28    XL:     11   Next: 29%
Magic:  10/10      EV:  1    Int:  6    God:    Trog [***...]
Gold:   559        SH:  0    Dex:  9    Spells: 10/10 levels left

rFire   . .          .
                       - Unarmed
rCold   + . .        (no shield)
rNeg    . . .        a - +1 animal skin
rPois   .            (helmet currently unavailable)
rElec   .            (cloak currently unavailable)
rCorr   .            (gloves unavailable)
SInv    .            (boots unavailable)
Will    .....        (no amulet) Stlth
                     m - ring of protection from cold
HPRegen 1.27/turn    (no ring)
MPRegen 0.12/turn

%: no passive effects
@: paralysed, berserking (expiring), lethally poisoned (0 -> -18), beast-form,
slowed
A: beast (slay +4), large, unfitting armour, claws 3, regeneration 1, shaggy fur
1, tough skin 1
a: Begin Untransformation, Renounce Religion, Berserk, Trog's Hand


You were on level 10 of the Dungeon.
You worshipped Trog.
Trog was most pleased with you.
You were a hulking beast.
You visited 1 branch of the dungeon, and saw 10 of its levels.

You collected 559 gold pieces.

Inventory:

Armour
 a - a +1 animal skin (worn)
Jewellery
 m - a ring of protection from cold (left claw)
 x - an amulet of magic regeneration
Talismans
 c - a beast talisman (active)
 d - a flux talisman
 f - a talisman of death
Wands
 o - a wand of flame (17)
 t - a wand of paralysis (7)
 w - a wand of mindburst (12)
Scrolls
 e - 4 scrolls of identify
 j - a scroll of immolation {unknown}
 k - 3 scrolls of teleportation
 n - 2 scrolls of fog
 q - a scroll of enchant armour
Potions
 b - 3 potions of lignification
 g - 7 potions of curing
 h - 3 potions of mutation
 i - a potion of ambrosia {unknown}
 l - 3 potions of heal wounds
 p - a potion of brilliance {unknown}
 r - a potion of haste
 s - 3 potions of might
 u - a potion of degeneration {unknown}
 v - a potion of resistance


   Skills:
 + Level 7.5 Fighting
 - Level 1.5 Dodging
 * Level 13.0 Unarmed Combat
 + Level 8.8 Shapeshifting


You had 10 spell levels left.
You didn't know any spells.
Your spell library contained the following spells:

 Spells                   Type           Power      Damage    Failure   Level
 Summon Small Mammal      Summ           0%         N/A       45%         1
 Call Canine Familiar     Summ           0%         N/A       83%         3
 Summon Guardian Golem    Hex/Summ       0%         N/A       83%         3


Dungeon Overview and Level Annotations

Branches:
Dungeon (10/15)            Temple (0/1) D:6            Lair (0/5) D:10
    Orc (0/2) D:10

Altars:
Cheibriados
Dithmenos
Fedhas
Hepliaklqana
Makhleb
Qazlal
Ru
Trog
Vehumet
Wu Jian
Yredelemnul
Zin

Shops:
D:7 [

Annotations:
D:6 2 transporters, 3 runed translucent doors, omnomnOMINOUS's ghost, novice OpWn
D:7 2 transporters, QueensGambit's ghost, novice VSWn


Innate Abilities, Weirdness & Mutations

You are a hulking beast.
Your limbs bulge with bestial killing power. (Slay +4)
You are too large for most types of armour.
You have claws for hands.
Your natural rate of healing is unusually fast.
You are covered in fur. (AC +1)
You have tough skin. (AC +1)


Message History

The killer bee poisons you!
The killer bee stings you but does no damage.
The hornet stings you!
You suddenly lose the ability to move!
The killer bee stings you but does no damage.
The killer bee stings you.
The killer bee stings you but does no damage.
You feel extremely sick.
The hornet stings you but does no damage.
The killer bee stings you.
* * * LOW HITPOINT WARNING * * *
The killer bee stings you but does no damage.
The killer bee stings you.
* * * LOW HITPOINT WARNING * * *
You are more poisoned.
The killer bee poisons you! The hornet stings you.
* * * LOW HITPOINT WARNING * * *
You feel as though you will be slow longer.
The killer bee stings you.
* * * LOW HITPOINT WARNING * * *
The killer bee stings you but does no damage. x2
You feel extremely sick. The killer bee stings you.
* * * LOW HITPOINT WARNING * * *
You are more poisoned.
The killer bee poisons you! The killer bee stings you.
* * * LOW HITPOINT WARNING * * *
The killer bee stings you but does no damage.
The hornet stings you but does no damage.
The killer bee stings you but does no damage.
The killer bee stings you.
* * * LOW HITPOINT WARNING * * *
The killer bee stings you.
* * * LOW HITPOINT WARNING * * *
* * * LOW HITPOINT WARNING * * *
You feel extremely sick. The hornet stings you!
* * * LOW HITPOINT WARNING * * *
You feel as though you will be slow longer.
The killer bee stings you.
You die...

#.... ............ #....
........... #....
.......... #.... .......#
##... #......# ##...
##......# #.... +)yyy...#
#.... #.†hy.$.# #....
#.......# #....
#.......###########'
###'######...........
.#####..[.................
.........................>
..........................
................).........
..........................


You could see a hornet and 3 killer bees.

Vanquished Creatures
  Gastronok (D:8)
  2 elephants (D:10)
  An unseen horror (D:9)
  Jeremiah (D:7)
  Prince Ribbit (D:6)
  A hornet (D:10)
  A shadow (D:9)
  A wyvern (D:9)
  15 yaks
  4 vampire mosquitoes (D:10)
  An acid dragon (D:9)
  2 water moccasins
  An ogre (D:4)
  4 ice beasts
  A sky beast (D:6)
  4 black bears
  2 centaurs
  2 phantoms
  2 kobold brigands
  A gnoll sergeant (D:8)
  2 scorpions
  2 bullfrogs
  9 wights
  13 killer bees
  5 electric eels (D:8)
  A hound (D:5)
  3 jellies
  7 orc priests
  Jessica (D:3)
  7 iguanas
  4 sleepcaps
  Ijyb (D:3)
  3 orc wizards
  3 gnolls (D:8)
  18 adders
  A shadow imp (D:4)
  2 ufetubi (D:5)
  3 worms (D:3)
  5 dart slugs
  30 orcs
  11 endoplasms
  3 giant cockroaches
  8 goblins
  A hobgoblin (D:1)
  2 jackals (D:1)
  13 kobolds
  5 quokkas
  6 ball pythons
  6 bats
  3 frilled lizards
  A jackal zombie (D:2)
  6 rats
233 creatures vanquished.

Notes
Turn   | Place    | Note
-------+----------+-------------------------------------------
     0 | D:1      | Persephone the Troll Shapeshifter began the quest for the
                  | Orb.
     0 | D:1      | Reached XP level 1. HP: 18/18 MP: 0/0
   136 | D:1      | Reached skill level 1 in Fighting
   143 | D:1      | Reached XP level 2. HP: 25/27 MP: 1/1
   486 | D:2      | Reached XP level 3. HP: 33/33 MP: 2/2
   774 | D:2      | Reached skill level 4 in Unarmed Combat
  1075 | D:3      | Found a faded altar of an unknown god.
  1126 | D:3      | Reached XP level 4. HP: 38/41 MP: 3/3
  1199 | D:3      | Noticed Ijyb
  1207 | D:3      | Killed Ijyb
  1264 | D:3      | Noticed Jessica
  1290 | D:3      | Killed Jessica
  1291 | D:3      | Reached XP level 5. HP: 29/49 MP: 4/4
  1551 | D:3      | Reached skill level 5 in Unarmed Combat
  1916 | D:4      | Found a bloodstained altar of Trog.
  1917 | D:4      | Noticed an ogre
  1931 | D:4      | Killed an ogre
  1932 | D:4      | Reached XP level 6. HP: 59/59 MP: 5/5
  1947 | D:4      | Became a worshipper of Trog the Wrathful
  2235 | D:4      | Reached skill level 6 in Unarmed Combat
  2239 | D:4      | Reached XP level 7. HP: 35/67 MP: 6/6
  2601 | D:5      | Entered Level 5 of the Dungeon
  2635 | D:5      | Found a burning altar of Makhleb.
  2638 | D:5      | Noticed a blizzard demon
  2640 | D:5      | Found a glowing silver altar of Zin.
  2641 | D:5      | Noticed an angel
  2945 | D:5      | Found a hazy altar of Hepliaklqana.
  3157 | D:5      | Reached * piety under Trog
  3188 | D:5      | Reached skill level 5 in Shapeshifting
  3265 | D:5      | Reached skill level 7 in Unarmed Combat
  3699 | D:6      | Noticed Prince Ribbit
  3712 | D:6      | Killed Prince Ribbit
  3713 | D:6      | Reached XP level 8. HP: 71/78 MP: 7/7
  3833 | D:6      | Reached skill level 8 in Unarmed Combat
  3877 | D:6      | Found a staircase to the Ecumenical Temple.
  3888 | D:6      | Found a transporter.
  4076 | D:6      | Reached ** piety under Trog
  4106 | D:6      | Found a blossoming altar of Fedhas.
  4208 | D:6      | Reached skill level 9 in Unarmed Combat
  4208 | D:6      | Reached XP level 9. HP: 76/87 MP: 8/8
  4248 | D:6      | Found a runed translucent gate.
  4248 | D:6      | Found a runed translucent gate.
  4248 | D:6      | Found a runed translucent gate.
  4255 | D:6      | Noticed omnomnOMINOUS's ghost (novice OpWn)
  4462 | D:6      | Found a transporter.
  4474 | D:6      | You fall into a shaft and drop 2 floors!
  4474 | D:7      | Identified the "Vopiplat"
  4520 | D:8      | Noticed Gastronok
  4559 | D:8      | Killed Gastronok
  4560 | D:8      | Reached skill level 5 in Fighting
  4560 | D:8      | Reached skill level 10 in Unarmed Combat
  4686 | D:8      | Found a sacrificial altar of Ru.
  4755 | D:8      | Reached XP level 10. HP: 92/98 MP: 9/9
  4768 | D:8      | Reached skill level 11 in Unarmed Combat
  5539 | D:7      | Found Casuthrigo's Armour Shoppe.
  5965 | D:7      | Found a transporter.
  6026 | D:7      | Noticed QueensGambit's ghost (novice VSWn)
  6150 | D:7      | Found a snail-covered altar of Cheibriados.
  6266 | D:7      | Found a shadowy altar of Dithmenos.
  6298 | D:7      | Noticed an orange demon
  6355 | D:7      | Found a transporter.
  6374 | D:7      | Found a stormy altar of Qazlal.
  6406 | D:7      | Noticed Jeremiah
  6420 | D:7      | Killed Jeremiah
  6463 | D:7      | Noticed a gargoyle
  6534 | D:7      | Reached *** piety under Trog
  6709 | D:7      | Found a basalt altar of Yredelemnul.
  6784 | D:9      | Reached skill level 12 in Unarmed Combat
  6821 | D:9      | Found a radiant altar of Vehumet.
  7326 | D:10     | Entered Level 10 of the Dungeon
  7334 | D:10     | Noticed an elephant
  7346 | D:10     | Reached XP level 11. HP: 109/109 MP: 10/10
  7449 | D:10     | Found a staircase to the Lair.
  7616 | D:10     | Found a staircase to the Orcish Mines.
  7644 | D:10     | Found an ornate altar of the Wu Jian Council.
  7989 | D:10     | Reached skill level 13 in Unarmed Combat
  7994 | D:10     | Paralysed by a hornet for 3 turns
  7997 | D:10     | HP: 1/163 [hornet (14)]
  7997 | D:10     | Slain by a killer bee

Illustrated notes

Levels and vault maps discovered:
D:1:      dpeg_arrival_long_road, layout_rooms, roderic_filled_cross
D:2:      layout_basic, serial_undead, serial_undead_c, serial_undead_c,
          serial_undead_e, serial_undead_e, minmay_pentomino_o4
D:3:      minmay_bubble_buster, layout_basic, basic_ecumenical_altar,
          uniq_jessica, uniq_ijyb
D:4:      layout_cave_pools, mainiacjoe_overflow_chevrons,
          kennysheep_generic_room_2
D:5:      layout_layer_cave, grunt_temple_overflow_order_and_chaos_2,
          nicolae_hepliaklqana_hazy_memory
D:6:      gammafunk_steamed_eel, layout_basic, fedhas_bush_and_centaur_altar,
          minmay_temple_entry_slanted, biasface_ghost_orc_armoury,
          minmay_misc_feat_rugged, nicolae_half_adder, uniq_prince_ribbit1
D:7:      layout_cave_pods, kennysheep_mini_moat,
          mainiacjoe_overflow_surrounded_room, mainiacjoe_overflow_swirl,
          gammafunk_ghost_abyssal_escape, serial_shops, shop,
          lightli_corner_chamber, uniq_jeremiah
D:8:      nicolae_moon_pools, layout_gridville, overflow_temple_1_default,
          chequers_hall_statues_y, chequers_mini_garden, uniq_gastronok
D:9:      layout_cave_pools, vehumet_crystals, minmay_starry_boxes
D:10:     layout_gridville, nzn_wu_jian_contemplation,
          grunt_lair_entry_orc_guard_hut, eino_tiny_chamber,
          chequers_serial_rivers_micro_d, david_defended_altar_orc

Skill      XL: |  1  2  3  4  5  6  7  8  9 10 11 |
---------------+----------------------------------+-----
Fighting       | 1 2 3 4 6 7 |  7.5
Unarmed Combat | 4 5 6 7 9 10 12 13 | 13.0
Shapeshifting  | 4 5 6 7 8 |  8.8
Dodging        | |  1.5

Action                     |  1- 3 |  4- 6 |  7- 9 | 10-12 || total
---------------------------+-------+-------+-------+-------++-------
  Melee: Unarmed           |    85 |    94 |   202 |   197 ||   578
         Punch             |     1 |     2 |    12 |    13 ||    28
 Invoke: Berserk           |       |       |     2 |     6 ||     8
         Trog's Hand       |       |       |       |     4 ||     4
    Use: Potion            |       |     2 |     1 |     1 ||     4
         Scroll            |       |       |    10 |       ||    10
   Stab: Sleeping          |       |       |     1 |       ||     1
 Armour: Animal skin       |    45 |    65 |   165 |   226 ||   501
  Dodge: Dodged            |    30 |    45 |    90 |    91 ||   256

Table legend: (Time is in decaauts)
 A = Elapsed time spent in this place.
 B = Non-inter-level travel time spent in this place.
 C = Inter-level travel time spent in this place.
 D = Time resting spent in this place.
 E = Time spent auto-exploring this place.
 F = Levels seen in this place.
 G = Mean time per level.
                   A        B        C        D        E       F      G
               +--------+--------+--------+--------+--------+-----+--------+
         Total |   7976 |   7598 |    378 |      0 |   6337 |  10 |  797.6 |
       Dungeon |   7976 |   7598 |    378 |      0 |   6337 |  10 |  797.6 |
               +--------+--------+--------+--------+--------+-----+--------+

Top non-repeatable levels by time:
     D:6: 1159 daAuts
     D:8: 1094 daAuts
     D:5: 1047 daAuts
     D:3: 896 daAuts
     D:7: 878 daAuts
     D:4: 697 daAuts
    D:10: 629 daAuts
     D:9: 584 daAuts
     D:2: 530 daAuts
     D:1: 459 daAuts
